[Event "ICC tourney 2354 (60 10)"]
[Site "Internet Chess Club"]
[Date "2021.01.31"]
[Round "5"]
[White "maxipep88"]
[Black "bogglylogs"]
[Result "1-0"]
[ICCResult "Black checkmated"]
[WhiteElo "1553"]
[BlackElo "1460"]
[Opening "Sicilian: Marshall variation"]
[ECO "B41"]
[NIC "QO.17"]
[Time "13:00:42"]
[PlyCount "125"]
[TimeControl "3600+10"]

1. d4 e6 2. Nf3 c5 3. e4 d5 4. exd5 exd5 5. dxc5 Bxc5 6. Be2 Nf6 7. O-O Be6
8. Bb5+ Nbd7 9. Nc3 O-O 10. Bg5 h6 11. Bxd7 Bxd7 12. Bxf6 Qxf6 13. Qxd5 Qc6
14. Rad1 Rad8 15. Ne5 Qxd5 16. Rxd5 Bxf2+ 17. Kxf2 Be6 18. Rxd8 Rxd8 19.
Rd1 Re8 20. Nd3 Bg4 21. Re1 Rxe1 22. Kxe1 Kf8 23. Nb5 a6 24. Nd6 b5 25. Nc5
Ke7 26. Nde4 Bc8 27. b4 f5 28. Ng3 g6 29. Kf2 Kd6 30. Ke3 Ke5 31. Ne2 Kd5
32. a3 Kc4 33. Nd3 g5 34. Ne5+ Kd5 35. Nf7 f4+ 36. Kd3 Bf5+ 37. Kd2 Ke4 38.
Nxh6 Be6 39. Nc3+ Kd4 40. h3 Ke5 41. Ng4+ Bxg4 42. hxg4 Kd4 43. Ne2+ Ke4
44. Ng1 Kd4 45. Nf3+ Ke4 46. Nxg5+ Kd5 47. Nf3 Ke6 48. g5 Kf5 49. Kd3 Kg6
50. Ke4 a5 51. bxa5 b4 52. axb4 Kh5 53. Kxf4 Kg6 54. Kg4 Kh7 55. a6 Kg6 56.
Ne5+ Kg7 57. Kf5 Kh7 58. a7 Kg7 59. g6 Kh6 60. Ng4+ Kh5 61. a8=Q Kh4 62.
Qh8+ Kg3 63. Qh3# { Black checkmated } 1-0

[Event "ICC tourney 2354 (60 10)"]
[Site "Internet Chess Club"]
[Date "2021.01.31"]
[Round "5"]
[White "KatyLiao"]
[Black "ABGame"]
[Result "0-1"]
[ICCResult "White checkmated"]
[WhiteElo "861"]
[BlackElo "1285"]
[Opening "French: exchange variation"]
[ECO "C01"]
[NIC "FR.01"]
[Time "13:01:09"]
[PlyCount "116"]
[TimeControl "3600+10"]

1. e4 e6 2. d4 d5 3. exd5 exd5 4. Nf3 c6 5. Nc3 Bd6 6. Be2 Bf5 7. Be3 Ne7
8. O-O O-O 9. h3 Nd7 10. Re1 Nf6 11. Bd3 Re8 12. Qd2 Qd7 13. Bxf5 Nxf5 14.
Qd3 Re7 15. Re2 Rae8 16. Rae1 Ne4 17. Bd2 Nxd2 18. Rxe7 Nxf3+ 19. Qxf3 Bxe7
20. Ne2 Bd6 21. c3 b5 22. Qd3 b4 23. c4 dxc4 24. Qxc4 Bb8 25. Rd1 Qd6 26.
g3 h5 27. Nf4 h4 28. Ng2 hxg3 29. fxg3 Qxg3 30. Rf1 Qxg2+ 31. Kxg2 Ne3+ 32.
Kf2 Nxc4 33. b3 Nd2 34. Rd1 Ne4+ 35. Kf1 Nc3 36. Ra1 Re2 37. Kg1 Rxa2 38.
Re1 Kf8 39. Kf1 Rb2 40. h4 Rb1 41. Rxb1 Nxb1 42. h5 Nd2+ 43. Ke2 Nxb3 44.
h6 gxh6 45. d5 cxd5 46. Kd3 h5 47. Ke3 h4 48. Kf2 h3 49. Kg1 h2+ 50. Kh1 a5
51. Kg2 a4 52. Kh1 a3 53. Kg2 a2 54. Kh1 a1=Q+ 55. Kg2 Qg1+ 56. Kf3 h1=Q+
57. Ke2 Nc5 58. Kd2 Qhg2# { White checkmated } 0-1

[Event "ICC tourney 2354 (60 10)"]
[Site "Internet Chess Club"]
[Date "2021.01.31"]
[Round "5"]
[White "CBH142"]
[Black "JulianLoshak"]
[Result "1/2-1/2"]
[ICCResult "Game drawn by mutual agreement"]
[WhiteElo "1413"]
[BlackElo "1101"]
[Opening "Sicilian defense"]
[ECO "B40"]
[NIC "SI.43"]
[Time "13:00:19"]
[PlyCount "99"]
[TimeControl "3600+10"]

1. e4 c5 2. Nf3 e6 3. d3 Qc7 4. Nbd2 d6 5. g3 Nf6 6. Bg2 b6 7. O-O Bb7 8.
Re1 Nc6 9. Nc4 Be7 10. e5 dxe5 11. Nfxe5 O-O 12. Bf4 Qc8 13. Qf3 Nd4 14.
Qxb7 Nxc2 15. Qxc8 Raxc8 16. Rac1 Nxe1 17. Rxe1 Rfd8 18. Nc6 Rd7 19. N4e5
Rdc7 20. Nc4 Rd7 21. N4e5 Rdc7 22. Nc4 Rd7 23. N6e5 Rdc7 24. Nc6 Rd7 25.
Nb8 Rxd3 26. Ne5 Rdd8 27. Nbc6 Re8 28. Nxa7 Rc7 29. Nec6 Rd7 30. Nb5 Bd6
31. Nxd6 e5 32. Rxe5 Rxe5 33. Bxe5 Ng4 34. Bf4 g5 35. Ne5 Nxe5 36. Bxe5 f6
37. Ne8 Rd1+ 38. Bf1 fxe5 39. Nf6+ Kg7 40. Ng4 Rd2 41. Nxe5 Rxb2 42. Nd7
Rxa2 43. Nxb6 Rc2 44. Kg2 g4 45. Bd3 Rc1 46. Be2 h5 47. f3 Rc2 48. Kf2 Kf6
49. fxg4 hxg4 50. Ke3 { Game drawn by mutual agreement } 1/2-1/2

[Event "ICC tourney 2354 (60 10)"]
[Site "Internet Chess Club"]
[Date "2021.01.31"]
[Round "5"]
[White "mricaud"]
[Black "dontbliink"]
[Result "1-0"]
[ICCResult "Black checkmated"]
[WhiteElo "1291"]
[BlackElo "902"]
[Opening "Four knights: double Ruy Lopez"]
[ECO "C49"]
[NIC "KP.03"]
[Time "13:01:03"]
[PlyCount "63"]
[TimeControl "3600+10"]

1. e4 e5 2. Nf3 Nc6 3. Nc3 Nf6 4. Bb5 Bb4 5. O-O O-O 6. d3 h6 7. a3 Bc5 8.
Bxc6 dxc6 9. Nxe5 Qe7 10. Nf3 Bg4 11. e5 Nd7 12. Ne4 Nxe5 13. Nxc5 Bxf3 14.
gxf3 Qxc5 15. d4 Qe7 16. dxe5 Qxe5 17. Re1 Qf5 18. Qd3 Qh5 19. Bf4 Rad8 20.
Qe4 Rfe8 21. Qxe8+ Rxe8 22. Rxe8+ Kh7 23. Kg2 Qg6+ 24. Bg3 Qxc2 25. Re7
Qxb2 26. Rae1 Qxa3 27. Rxf7 b5 28. Ree7 Qc3 29. Be5 Qc4 30. Rxg7+ Kh8 31.
Re8+ Qg8 32. Rexg8# { Black checkmated } 1-0

[Event "ICC tourney 2354 (60 10)"]
[Site "Internet Chess Club"]
[Date "2021.01.31"]
[Round "5"]
[White "JacobFeuerstein"]
[Black "Jagaram"]
[Result "0-1"]
[ICCResult "White checkmated"]
[WhiteElo "1099"]
[BlackElo "1367"]
[Opening "KP: Nimzovich defense"]
[ECO "B00"]
[NIC "VO.04"]
[Time "13:00:24"]
[PlyCount "34"]
[TimeControl "3600+10"]

1. e4 Nc6 2. Nc3 Nf6 3. d4 d5 4. e5 Ng8 5. Nf3 Bf5 6. Bb5 e6 7. Nh4 Qxh4 8.
Be3 Bb4 9. Qd2 h6 10. O-O-O Qe7 11. a4 a6 12. Bxc6+ bxc6 13. Qe1 Rb8 14.
Bd2 Ba3 15. Be3 Bxb2+ 16. Kd2 Bxc3+ 17. Kxc3 Qb4# { White checkmated } 0-1

[Event "ICC tourney 2354 (60 10)"]
[Site "Internet Chess Club"]
[Date "2021.01.31"]
[Round "5"]
[White "Franklyn2009"]
[Black "adkot"]
[Result "1-0"]
[ICCResult "Black checkmated"]
[WhiteElo "1720"]
[BlackElo "1523"]
[Opening "Queen's pawn game"]
[ECO "D02"]
[NIC "QP.08"]
[Time "13:00:16"]
[PlyCount "93"]
[TimeControl "3600+10"]

1. d4 d5 2. Nf3 e6 3. g3 c5 4. Bg2 Nc6 5. O-O cxd4 6. Nxd4 Nf6 7. c4 Bc5 8.
Nxc6 bxc6 9. Nc3 O-O 10. Qa4 Bd7 11. Rd1 Qb6 12. e3 d4 13. Ne4 Nxe4 14.
Bxe4 Rad8 15. Qb3 dxe3 16. Qxb6 Bxb6 17. Bxe3 Bxe3 18. fxe3 c5 19. b3 e5
20. Rd5 f6 21. Rad1 f5 22. Bxf5 Rxf5 23. Rxd7 Rxd7 24. Rxd7 Rf3 25. Rxa7
Rxe3 26. Ra5 Re1+ 27. Kf2 Ra1 28. Rxc5 Rxa2+ 29. Ke3 Rxh2 30. Rxe5 Rb2 31.
Rb5 Kf7 32. b4 Rb3+ 33. Kf4 h6 34. c5 g5+ 35. Kg4 Rc3 36. Rb7+ Kf6 37. Rb6+
Kg7 38. c6 Rc4+ 39. Kh3 g4+ 40. Kh4 Kg8 41. Kh5 Rc2 42. Kxg4 Rc4+ 43. Kh5
Kh7 44. Rb7+ Kg8 45. c7 Rc5+ 46. bxc5 Kh8 47. c8=Q# { Black checkmated }
1-0

[Event "ICC tourney 2354 (60 10)"]
[Site "Internet Chess Club"]
[Date "2021.01.31"]
[Round "5"]
[White "SAHYMS-Subi"]
[Black "stawad"]
[Result "1-0"]
[ICCResult "Black checkmated"]
[WhiteElo "1156"]
[BlackElo "876"]
[Opening "English opening"]
[ECO "A10"]
[NIC "EO.64"]
[Time "13:00:41"]
[PlyCount "93"]
[TimeControl "3600+10"]

1. c4 d6 2. Nc3 Nf6 3. g3 g6 4. Bg2 Bg7 5. e3 O-O 6. Nge2 e6 7. O-O d5 8.
b3 Nc6 9. Bb2 Bd7 10. d4 Ne8 11. f3 f5 12. e4 fxe4 13. fxe4 dxe4 14. Nxe4
Bc8 15. Rxf8+ Kxf8 16. Qf1+ Nf6 17. d5 exd5 18. Bxf6 Bxf6 19. Nxf6 Kg7 20.
Nxd5 a6 21. Qf4 Qd6 22. Rf1 Qxf4 23. Rxf4 Bf5 24. Nd4 Nxd4 25. Rxd4 Rd8 26.
h4 c6 27. g4 Be6 28. a4 cxd5 29. Bxd5 Bxd5 30. Rxd5 Rxd5 31. cxd5 Kf7 32.
Kf2 Ke7 33. Ke3 Kd6 34. Kd4 b6 35. b4 h6 36. Kc4 g5 37. h5 Ke5 38. a5 bxa5
39. bxa5 Kd6 40. Kd4 Kd7 41. Kc5 Kc7 42. d6+ Kd7 43. Kd5 Kd8 44. Kc6 Kc8
45. Kb6 Kb8 46. d7 Ka8 47. d8=Q# { Black checkmated } 1-0

[Event "ICC tourney 2354 (60 10)"]
[Site "Internet Chess Club"]
[Date "2021.01.31"]
[Round "5"]
[White "SAHYmilana"]
[Black "JacobBolk"]
[Result "0-1"]
[ICCResult "White resigns"]
[WhiteElo "1372"]
[BlackElo "1057"]
[Opening "English: Bremen, reverse dragon"]
[ECO "A22"]
[NIC "EO.10"]
[Time "13:00:36"]
[PlyCount "72"]
[TimeControl "3600+10"]

1. c4 e5 2. Nc3 Nf6 3. g3 d5 4. cxd5 Nxd5 5. Bg2 Nxc3 6. bxc3 Nc6 7. Nf3
Bc5 8. e3 O-O 9. d4 exd4 10. cxd4 Bb6 11. O-O Qf6 12. Bb2 Qh6 13. Qd3 Re8
14. Rab1 Qh5 15. Nh4 Bg4 16. h3 Be2 17. Qc3 Bxf1 18. Rxf1 Rad8 19. d5 Ne5
20. f4 f6 21. fxe5 Rxe5 22. Re1 Qg5 23. Nf3 Bxe3+ 24. Rxe3 Qxe3+ 25. Qxe3
Rxe3 26. Bd4 Ra3 27. Nd2 Rxa2 28. Nc4 a5 29. h4 b5 30. Ne3 b4 31. Be4 b3
32. Nc4 a4 33. Kh1 a3 34. Bb1 Rc2 35. Bxc2 bxc2 36. Be3 a2 { White resigns
} 0-1

[Event "ICC tourney 2354 (60 10)"]
[Site "Internet Chess Club"]
[Date "2021.01.31"]
[Round "5"]
[White "RaiChess"]
[Black "vihaan2011"]
[Result "0-1"]
[ICCResult "White checkmated"]
[WhiteElo "984"]
[BlackElo "1307"]
[Opening "Two knights defense"]
[ECO "C59"]
[NIC "KP.01"]
[Time "13:01:02"]
[PlyCount "118"]
[TimeControl "3600+10"]

1. e4 e5 2. Nf3 Nc6 3. Bc4 Nf6 4. Ng5 d5 5. exd5 Na5 6. Bb5+ c6 7. dxc6
bxc6 8. Be2 Nd5 9. d3 h6 10. Nf3 Bd6 11. O-O O-O 12. c4 Nf6 13. Nc3 Bf5 14.
Be3 e4 15. dxe4 Nxe4 16. Nxe4 Bxe4 17. Qd4 Bxf3 18. Bxf3 Qc7 19. g3 c5 20.
Qd3 Rad8 21. Qc2 f5 22. Bd5+ Kh8 23. Qd2 f4 24. Bxf4 Bxf4 25. gxf4 Nxc4 26.
Qc3 Nxb2 27. Qxb2 Rxd5 28. Qb3 Rh5 29. Qg3 Rxf4 30. Kh1 Rg5 31. Qh3 Qc6+
32. f3 Rgf5 33. Kg2 Qg6+ 34. Qg3 Rg5 35. Qxg5 Qxg5+ 36. Kh1 Qf6 37. Rg1
Rxf3 38. Rae1 Qc6 39. Rg2 Rf2 40. Rg1 Rxg2 41. Rxg2 Qf3 42. h3 Qxh3+ 43.
Kg1 Qxg2+ 44. Kxg2 Kh7 45. Kf2 g5 46. Kf3 c4 47. Ke4 g4 48. Kd4 g3 49. Kxc4
g2 50. Kc5 g1=Q+ 51. Kb5 Qb1+ 52. Ka6 Qxa2+ 53. Kb7 a5 54. Ka8 a4 55. Ka7
a3 56. Ka8 Qd5+ 57. Ka7 Qb5 58. Ka8 a2 59. Ka7 a1=Q# { White checkmated }
0-1

[Event "ICC tourney 2354 (60 10)"]
[Site "Internet Chess Club"]
[Date "2021.01.31"]
[Round "5"]
[White "brarsaab1"]
[Black "JediJames"]
[Result "1-0"]
[ICCResult "Black checkmated"]
[WhiteElo "1250"]
[BlackElo "885"]
[Opening "Robatsch defense: two knights variation"]
[ECO "B06"]
[NIC "KF.05"]
[Time "13:00:15"]
[PlyCount "125"]
[TimeControl "3600+10"]

1. e4 g6 2. d4 Bg7 3. Nf3 d6 4. Nc3 c5 5. dxc5 Nf6 6. cxd6 exd6 7. e5 Nfd7
8. exd6 O-O 9. Bg5 Qe8+ 10. Be2 Nc6 11. Nd5 Rb8 12. Ne7+ Kh8 13. Nxc6 bxc6
14. Be7 Rg8 15. O-O Bxb2 16. Rb1 Bg7 17. Rxb8 Nxb8 18. Nd4 Bf8 19. Bxf8
Qxf8 20. Qa1 f6 21. Bc4 Rg7 22. Ne6 Bxe6 23. Bxe6 Qxd6 24. Qxf6 Qe7 25. Qe5
Nd7 26. Qe3 Nf8 27. Re1 Nxe6 28. Qxe6 Qxe6 29. Rxe6 Rd7 30. h3 c5 31. Rc6
Rd5 32. Kh2 Rd2 33. Rxc5 Rxf2 34. Kg3 Rf5 35. Rxf5 gxf5 36. Kf4 Kg7 37.
Kxf5 Kf7 38. Ke5 Ke7 39. Kd5 Kd7 40. g4 Kc7 41. h4 Kd7 42. g5 a6 43. h5 a5
44. g6 hxg6 45. hxg6 Ke7 46. Kc5 Kf6 47. Kd6 Kxg6 48. c4 Kf7 49. Kd7 Kf6
50. c5 Ke5 51. c6 Kd5 52. c7 a4 53. c8=Q a3 54. Qa8+ Kc5 55. Qxa3+ Kb6 56.
Qd6+ Kb5 57. Qd4 Ka5 58. Qc4 Kb6 59. Qd5 Ka6 60. Qc5 Kb7 61. Qb5+ Ka7 62.
Kc7 Ka8 63. Qb8# { Black checkmated } 1-0

[Event "ICC tourney 2354 (60 10)"]
[Site "Internet Chess Club"]
[Date "2021.01.31"]
[Round "5"]
[White "DanielBolk"]
[Black "Harshcrocodile"]
[Result "1-0"]
[ICCResult "Black resigns"]
[WhiteElo "1279"]
[BlackElo "928"]
[Opening "Ruy Lopez: Berlin defense, 4.O-O, d6"]
[ECO "C66"]
[NIC "RL.07"]
[Time "13:00:36"]
[PlyCount "55"]
[TimeControl "3600+10"]

1. e4 e5 2. Nf3 Nc6 3. Bb5 Nf6 4. O-O d6 5. Re1 Be7 6. c3 Bg4 7. h3 Bh5 8.
d4 a6 9. Bxc6+ bxc6 10. dxe5 Bxf3 11. Qxf3 dxe5 12. Rd1 Qc8 13. Be3 O-O 14.
Nd2 Qe6 15. b3 Rfd8 16. Nc4 Rab8 17. Ba7 Ra8 18. Be3 Rab8 19. Na5 h6 20.
Rxd8+ Rxd8 21. Nb7 Rd7 22. Bc5 Ne8 23. Be3 Qf6 24. Qg4 Rd3 25. c4 Nd6 26.
Nc5 Rxe3 27. fxe3 Nxc4 28. Nd7 { Black resigns } 1-0

[Event "ICC tourney 2354 (60 10)"]
[Site "Internet Chess Club"]
[Date "2021.01.31"]
[Round "5"]
[White "Ken121"]
[Black "Nedas15"]
[Result "1-0"]
[ICCResult "Black checkmated"]
[WhiteElo "1145"]
[BlackElo "376"]
[Opening "Giuoco Pianissimo: Italian four knights variation"]
[ECO "C50"]
[NIC "IG.02"]
[Time "13:00:32"]
[PlyCount "73"]
[TimeControl "3600+10"]

1. e4 e5 2. Nf3 Nc6 3. Bc4 Bc5 4. Nc3 Nf6 5. d3 O-O 6. O-O Re8 7. Re1 d5 8.
exd5 Nd4 9. Nxd4 exd4 10. Rxe8+ Qxe8 11. Ne2 b5 12. Bb3 c6 13. Bf4 Nxd5 14.
Bxd5 cxd5 15. Rc1 Bb7 16. Ng3 Qd7 17. Qh5 Qe7 18. h3 Rf8 19. Qg4 Bc8 20.
Nf5 Bxf5 21. Qxf5 Bd6 22. Kh2 g6 23. Qg4 g5 24. Bxd6 Qxd6+ 25. g3 h6 26.
Qxd4 Ra8 27. Re1 Qa6 28. Qxd5 Qa5 29. Re5 Rf8 30. Qb3 Qc7 31. Rxb5 a6 32.
Rf5 Kh8 33. Rf6 Kg7 34. Qb6 Qxc2 35. Rxh6 Qxd3 36. Qf6+ Kg8 37. Rh8# {
Black checkmated } 1-0

[Event "ICC tourney 2354 (60 10)"]
[Site "Internet Chess Club"]
[Date "2021.01.31"]
[Round "5"]
[White "powerfulchess"]
[Black "Elisey2011"]
[Result "1-0"]
[ICCResult "Black checkmated"]
[WhiteElo "928"]
[BlackElo "581"]
[Opening "Queen's gambit declined"]
[ECO "D30"]
[NIC "QP.08"]
[Time "13:00:28"]
[PlyCount "93"]
[TimeControl "3600+10"]

1. d4 d5 2. c4 e6 3. e3 Nf6 4. g3 c6 5. Bg2 Nbd7 6. Nf3 Bd6 7. c5 Bc7 8.
Nc3 O-O 9. O-O Ng4 10. Nd2 Ndf6 11. e4 Bd7 12. e5 h5 13. exf6 Qxf6 14. Qf3
Qg6 15. Ne2 e5 16. Qc3 exd4 17. Nxd4 Be5 18. N2f3 b5 19. cxb6 axb6 20. h3
c5 21. Nxe5 Nxe5 22. Ne2 d4 23. Qd2 Rae8 24. Qg5 Qd3 25. Nf4 Qb5 26. Nxh5
g6 27. Nf6+ Kg7 28. Nxe8+ Rxe8 29. Qh6+ Kf6 30. Bg5+ Ke6 31. f4 Nd3 32. f5+
Kd6 33. fxg6 fxg6 34. Qxg6+ Re6 35. Rf6 Qc4 36. Rxe6+ Bxe6 37. Bf4+ Ne5 38.
Bxe5+ Kxe5 39. Re1+ Kd6 40. b3 Qc3 41. Rxe6+ Kc7 42. Qg7+ Kd8 43. Qf8+ Kd7
44. Qe8+ Kc7 45. Rc6+ Kb7 46. Qc8+ Ka7 47. Rc7# { Black checkmated } 1-0

[Event "ICC tourney 2354 (60 10)"]
[Site "Internet Chess Club"]
[Date "2021.01.31"]
[Round "5"]
[White "thihansa"]
[Black "FireballCaden"]
[Result "0-1"]
[ICCResult "White checkmated"]
[WhiteElo "1231"]
[BlackElo "1540"]
[Opening "Pirc: classical system, 5.Be2"]
[ECO "B06"]
[NIC "PU.03"]
[Time "13:00:30"]
[PlyCount "64"]
[TimeControl "3600+10"]

1. e4 g6 2. d4 Bg7 3. Nf3 d6 4. Be2 Nf6 5. Nc3 O-O 6. Be3 Nc6 7. Nd2 e5 8.
Nb3 Ne8 9. d5 Ne7 10. O-O f5 11. f3 f4 12. Bf2 g5 13. h3 Ng6 14. Nd2 Nf6
15. Re1 h5 16. Rf1 Bd7 17. a4 a6 18. b4 Kf7 19. Nc4 Rh8 20. Nb2 Rh7 21. Qe1
g4 22. hxg4 hxg4 23. fxg4 Qh8 24. Bh4 Rxh4 25. Kf2 Rh2 26. Rh1 Qh4+ 27. Kf3
Qxg4+ 28. Kf2 Qg3+ 29. Kg1 Qe3+ 30. Kxh2 Rh8+ 31. Bh5 Rxh5+ 32. Qh4 Rxh4# {
White checkmated } 0-1

[Event "ICC tourney 2354 (60 10)"]
[Site "Internet Chess Club"]
[Date "2021.01.31"]
[Round "5"]
[White "batmanthechamp"]
[Black "GeorgeBugayev"]
[Result "1-0"]
[ICCResult "Black checkmated"]
[WhiteElo "1434"]
[BlackElo "1786"]
[Opening "Caro-Kann: advance variation"]
[ECO "B12"]
[NIC "CK.04"]
[Time "13:00:18"]
[PlyCount "81"]
[TimeControl "3600+10"]

1. e4 c6 2. d4 d5 3. e5 Bf5 4. h4 h6 5. g4 Be4 6. f3 Bh7 7. e6 Qd6 8. exf7+
Kxf7 9. Rh3 Nf6 10. Bd3 Bxd3 11. Qxd3 e5 12. Qb3 Qb4+ 13. Qxb4 Bxb4+ 14. c3
Bd6 15. dxe5 Bxe5 16. f4 Bd6 17. g5 Ne4 18. Nd2 Nc5 19. Nb3 hxg5 20. fxg5
Re8+ 21. Ne2 Nxb3 22. axb3 Nd7 23. Kf2 Nc5 24. Rf3+ Kg8 25. Nd4 Ne4+ 26.
Kg2 a6 27. h5 Rf8 28. Nf5 Rf7 29. Nxd6 Nxd6 30. Rxf7 Kxf7 31. Bf4 Ne4 32.
g6+ Kg8 33. Rf1 Re8 34. h6 gxh6 35. Bxh6 Nd6 36. Kh3 Nc8 37. g7 Nd6 38.
Rf8+ Kh7 39. g8=Q+ Kxh6 40. Rf6+ Kh5 41. Qg4# { Black checkmated } 1-0

[Event "ICC tourney 2354 (60 10)"]
[Site "Internet Chess Club"]
[Date "2021.01.31"]
[Round "5"]
[White "bgl2011"]
[Black "pirate6400"]
[Result "0-1"]
[ICCResult "White checkmated"]
[WhiteElo "1401"]
[BlackElo "1089"]
[Opening "Sicilian: dragon, classical attack"]
[ECO "B72"]
[NIC "SI.16"]
[Time "13:00:17"]
[PlyCount "50"]
[TimeControl "3600+10"]

1. e4 c5 2. Nf3 d6 3. d4 cxd4 4. Nxd4 Nf6 5. Nc3 g6 6. Be3 Bg7 7. Be2 Bd7
8. O-O O-O 9. f3 Nc6 10. Bc4 Qb6 11. Qd2 Nxe4 12. Nxc6 Nxd2 13. Nxe7+ Kh8
14. Bxb6 Nxc4 15. Bf2 Nxb2 16. Ned5 Be6 17. Be1 Rac8 18. Rc1 Bxd5 19. Nxd5
Nd3 20. Rb1 Rxc2 21. Rxb7 Rc1 22. Bg3 Bd4+ 23. Ne3 Bxe3+ 24. Bf2 Bxf2+ 25.
Kh1 Rxf1# { White checkmated } 0-1

[Event "ICC tourney 2354 (60 10)"]
[Site "Internet Chess Club"]
[Date "2021.01.31"]
[Round "5"]
[White "cherrychopper"]
[Black "shakuntala"]
[Result "1-0"]
[ICCResult "Black checkmated"]
[WhiteElo "1380"]
[BlackElo "1160"]
[Opening "Scotch: Potter variation"]
[ECO "C45"]
[NIC "SO.05"]
[Time "13:00:37"]
[PlyCount "79"]
[TimeControl "3600+10"]

1. e4 e5 2. Nf3 Nc6 3. d4 exd4 4. Nxd4 Bc5 5. Nb3 Bb6 6. Nc3 Nf6 7. Bd3 O-O
8. O-O Re8 9. Bg5 h6 10. Bh4 g5 11. Bg3 Ne7 12. e5 Nh7 13. Bxh7+ Kxh7 14.
Qd3+ Ng6 15. Nd5 Kg7 16. e6 dxe6 17. Qc3+ f6 18. Nxc7 Bxc7 19. Bxc7 Qe7 20.
Rad1 Bd7 21. Nc5 Bc6 22. Bd6 Qf7 23. f4 Rac8 24. fxg5 hxg5 25. Qe3 Rcd8 26.
Bg3 Bb5 27. Rxd8 Rxd8 28. Nxe6+ Kh7 29. Nxg5+ fxg5 30. Rxf7+ Kh6 31. h4
Rd1+ 32. Kh2 Rd5 33. hxg5+ Rxg5 34. Rf5 Kh7 35. Qxg5 Kg7 36. Rf6 Be8 37.
Rxg6+ Bxg6 38. Qe7+ Kh6 39. Bf4+ Kh5 40. Qg5# { Black checkmated } 1-0

[Event "ICC tourney 2354 (60 10)"]
[Site "Internet Chess Club"]
[Date "2021.01.31"]
[Round "5"]
[White "FabulousRocket"]
[Black "Yamato1945"]
[Result "0-1"]
[ICCResult "White resigns"]
[WhiteElo "1101"]
[BlackElo "1397"]
[Opening "QGD: Tarrasch defense"]
[ECO "D32"]
[NIC "TD.06"]
[Time "13:00:17"]
[PlyCount "58"]
[TimeControl "3600+10"]

1. d4 d5 2. c4 e6 3. Nc3 c5 4. cxd5 exd5 5. Nf3 Nc6 6. e3 Nf6 7. Bd3 Bg4 8.
dxc5 Bxc5 9. h3 Bh5 10. Bd2 Bb6 11. Be2 Bg6 12. Qb3 O-O 13. O-O-O Rc8 14.
g4 Na5 15. Qa4 Ne4 16. Rh2 Qf6 17. Qa3 Nc4 18. Bxc4 Rxc4 19. Nd4 Nxf2 20.
Rg1 Bc7 21. Nf5 Nd3+ 22. Kb1 Bxf5 23. Nxd5 Nb4+ 24. Ka1 Nc2+ 25. Kb1 Nxa3+
26. Ka1 Nc2+ 27. Kb1 Nxe3+ 28. Ka1 Nxd5 29. gxf5 Bxh2 { White resigns } 0-1

[Event "ICC tourney 2354 (60 10)"]
[Site "Internet Chess Club"]
[Date "2021.01.31"]
[Round "5"]
[White "SAAaron"]
[Black "JackOliver"]
[Result "1/2-1/2"]
[ICCResult "Game drawn by mutual agreement"]
[WhiteElo "1627"]
[BlackElo "1461"]
[Opening "Caro-Kann: classical, 6.h4"]
[ECO "B18"]
[NIC "CK.11"]
[Time "13:00:23"]
[PlyCount "67"]
[TimeControl "3600+10"]

1. e4 c6 2. d4 d5 3. Nc3 dxe4 4. Nxe4 Bf5 5. Ng3 Bg6 6. h4 h6 7. h5 Bh7 8.
Nf3 Nd7 9. Bf4 e6 10. Bd3 Bxd3 11. Qxd3 Ngf6 12. Ne4 Nxe4 13. Qxe4 Nf6 14.
Qd3 Bd6 15. Be5 Bxe5 16. Nxe5 Qd5 17. Rh2 Rf8 18. c3 O-O-O 19. Qc2 Kb8 20.
f3 Nd7 21. Nd3 Qd6 22. Rh3 e5 23. O-O-O exd4 24. Nb4 Qf4+ 25. Kb1 dxc3 26.
Qxc3 Nf6 27. Rhh1 Qf5+ 28. Ka1 Rd7 29. Qb3 Kc8 30. Qa3 Rxd1+ 31. Rxd1 Rd8
32. Rxd8+ Kxd8 33. Qxa7 Qd7 34. Qb8+ { Game drawn by mutual agreement }
1/2-1/2

[Event "ICC tourney 2354 (60 10)"]
[Site "Internet Chess Club"]
[Date "2021.01.31"]
[Round "5"]
[White "Boyan0619"]
[Black "coolhacker1234"]
[Result "0-1"]
[ICCResult "White checkmated"]
[WhiteElo "1412"]
[BlackElo "1739"]
[Opening "Scotch: Schmidt variation"]
[ECO "C45"]
[NIC "SO.03"]
[Time "13:00:17"]
[PlyCount "64"]
[TimeControl "3600+10"]

1. e4 e5 2. Nf3 Nc6 3. d4 exd4 4. Nxd4 Nf6 5. Nc3 Bb4 6. Nxc6 bxc6 7. Bd3
d5 8. exd5 cxd5 9. O-O O-O 10. Bg5 c6 11. Qf3 Be7 12. Rfe1 Re8 13. h3 h6
14. Bxf6 Bxf6 15. Qg3 Bd7 16. Rab1 Rb8 17. Rxe8+ Qxe8 18. Na4 Rb4 19. b3 g6
20. Qg5 Bxg5 21. Nc5 Bf5 22. Bxf5 gxf5 23. Na6 Re4 24. Kf1 Bd2 25. g3 Re1+
26. Rxe1 Qxe1+ 27. Kg2 f4 28. gxf4 Bxf4 29. Kf3 Qe4+ 30. Kg4 Bh2+ 31. Kh5
Qg6+ 32. Kh4 Qg5# { White checkmated } 0-1

[Event "ICC tourney 2354 (60 10)"]
[Site "Internet Chess Club"]
[Date "2021.01.31"]
[Round "5"]
[White "arhanj"]
[Black "EkstromVT2"]
[Result "0-1"]
[ICCResult "White resigns"]
[WhiteElo "1300"]
[BlackElo "864"]
[Opening "Queen's pawn game"]
[ECO "D04"]
[NIC "QP.08"]
[Time "13:00:39"]
[PlyCount "168"]
[TimeControl "3600+10"]

1. d4 d5 2. Nf3 Nf6 3. e3 c6 4. b3 Bg4 5. Nbd2 e6 6. Bb2 Be7 7. h3 Bh5 8.
Be2 O-O 9. O-O h6 10. Ne5 Bxe2 11. Qxe2 Nbd7 12. f4 c5 13. c4 Qb6 14. cxd5
exd5 15. Nxd7 Nxd7 16. Kh1 Nf6 17. Nf3 Ne4 18. Kh2 Qg6 19. Qe1 Rfd8 20. Ne5
Qe6 21. Kg1 Rac8 22. Nf3 Qg6 23. Ne5 Qe6 24. f5 Qf6 25. Ng4 Qg5 26. f6 Nxf6
27. Nxf6+ Bxf6 28. Qf2 Re8 29. Bc1 Qg6 30. Bd2 cxd4 31. exd4 Rc2 32. Rac1
Rxc1 33. Rxc1 Qe4 34. Bc3 Rc8 35. Re1 Qd3 36. Ba1 Rc2 37. Re8+ Kh7 38. Qe1
Bxd4+ 39. Bxd4 Qxd4+ 40. Kh1 Qb2 41. Qg3 Rc1+ 42. Kh2 Qd4 43. Qe3 Qxe3 44.
Rxe3 d4 45. Rd3 Rc2 46. Rxd4 Rxa2 47. Rd7 Ra3 48. Rxb7 a5 49. b4 Rb3 50. b5
a4 51. b6 a3 52. Ra7 Rxb6 53. Rxa3 g5 54. Ra7 Kg6 55. g4 f5 56. gxf5+ Kxf5
57. Ra5+ Kg6 58. Kg3 Rb3+ 59. Kh2 Kh5 60. Kg2 Rb4 61. Ra6 Rb7 62. Kg3 Rh7
63. Rb6 Rg7 64. Rc6 Rg6 65. Rc5 Rf6 66. Rc3 Kg6 67. Rc4 h5 68. Rc5 Rf5 69.
Rc6+ Rf6 70. Rc5 h4+ 71. Kg2 Rf5 72. Rc6+ Kh5 73. Rc8 g4 74. Rh8+ Kg5 75.
Rg8+ Kf4 76. Rxg4+ Ke3 77. Rxh4 Rf2+ 78. Kg3 Rf3+ 79. Kg4 Kf2 80. Kg5 Kg3
81. Rh8 Rf4 82. h4 Rg4+ 83. Kh5 Rxh4+ 84. Kg6 Rxh8 { White resigns } 0-1

[Event "ICC tourney 2354 (60 10)"]
[Site "Internet Chess Club"]
[Date "2021.01.31"]
[Round "5"]
[White "Morganito"]
[Black "CoolBoy2020"]
[Result "0-1"]
[ICCResult "White checkmated"]
[WhiteElo "1805"]
[BlackElo "2197"]
[Opening "King's Indian: Kramer system"]
[ECO "E70"]
[NIC "KI.52"]
[Time "13:00:15"]
[PlyCount "138"]
[TimeControl "3600+10"]

1. d4 Nf6 2. c4 g6 3. Nc3 Bg7 4. e4 d6 5. Nge2 O-O 6. f3 Nbd7 7. Be3 e5 8.
d5 a6 9. Ng3 Ne8 10. Qd2 Rb8 11. Bd3 Nc5 12. Bc2 a5 13. O-O Bd7 14. f4 exf4
15. Bxf4 b5 16. cxb5 Bxb5 17. Rfe1 Ba6 18. Rab1 Nd7 19. Nge2 Ne5 20. Bxe5
Bxe5 21. Nd4 Qf6 22. Nc6 Rxb2 23. Nxe5 Rxb1 24. Rxb1 Qxe5 25. Nd1 Nf6 26.
Nf2 Bc4 27. Qxa5 c6 28. Bb3 Bxb3 29. axb3 Nxe4 30. Nxe4 Qxe4 31. Rd1 Qe3+
32. Kh1 Qxb3 33. Qd2 Qxd5 34. Qxd5 cxd5 35. Rxd5 Re8 36. h3 Re6 37. Kh2 Kg7
38. Kg3 Kf6 39. Kf3 Ke7 40. Kf4 Re2 41. g4 Ke6 42. Ra5 Re5 43. Ra8 h5 44.
Rh8 hxg4 45. hxg4 g5+ 46. Kf3 f6 47. Re8+ Kd5 48. Rf8 Re6 49. Rf7 Ke5 50.
Rf8 d5 51. Rd8 Kd4 52. Rc8 Kd3 53. Rc1 d4 54. Rd1+ Kc3 55. Rc1+ Kd2 56. Rc4
d3 57. Re4 Rxe4 58. Kxe4 Ke2 59. Kf5 d2 60. Kxf6 d1=Q 61. Kxg5 Qd6 62. Kf5
Kf3 63. g5 Qd5+ 64. Kf6 Kf4 65. g6 Qg5+ 66. Kf7 Kf5 67. g7 Qf6+ 68. Kg8 Kg6
69. Kh8 Qxg7# { White checkmated } 0-1